 Dungeon Crawl Stone Soup version 0.29-a0-477-g62b78b4225 (webtiles) character file.

Game seed: 13065551132881988634

6475 lunkers the Dealer of Despair (level 10, -4/67 HPs)
             Began as a Vampire Necromancer on May 24, 2022.
             Was an Elder of Kikubaaqudgha.
             Slain by a sixfirhy (10 damage)
             ... summoned by a kobold demonologist
             ... on level 9 of the Dungeon.
             The game lasted 00:18:03 (9878 turns).

lunkers the Dealer of Despair (Vampire Necromancer) Turns: 9878, Time: 00:18:04

Health: -4/67      AC: 16    Str:  7    XL:     10   Next: 68%
Magic:  19/21      EV: 12    Int: 21    God:    Kikubaaqudgha [****..]
Gold:   583        SH:  0    Dex: 16    Spells: 8/23 levels left

rFire   . . .      SeeInvis +   a - +0 dagger (pain)
rCold   . . .      Faith    .   (no shield)
rNeg    . . .      Spirit   .   F - +0 acid dragon scales
rPois   .          Reflect  .   v - +5 helmet of the Lair of Beasts {Rampage *Corrode +Inv Will++}
rElec   .          Harm     .   f - +2 cloak
rCorr   +          Rampage  +   p - +0 pair of gloves
Will    +++..                   (no boots)
Stlth   ++........              w - amulet of regeneration
HPRegen 1.21/turn               (no ring)
MPRegen 0.17/turn               (no ring)

@: about to teleport, healing quickly, studying Dodging
A: alive, fangs 3, see invisible, vampiric 2
a: Exsanguinate, Renounce Religion, Evoke Invisibility, Unearth Wretches


You were on level 9 of the Dungeon.
You worshipped Kikubaaqudgha.
Kikubaaqudgha was greatly pleased with you.
You visited 2 branches of the dungeon, and saw 10 of its levels.

You collected 583 gold pieces.

Inventory:

Hand Weapons
 a - a +0 dagger of pain (weapon)
 b - a +1 short sword of electrocution
 C - a +4 dagger
Missiles
 o - a throwing net
Armour
 f - a +2 cloak (worn)
 h - a scarf of repulsion
 p - a +0 pair of gloves (worn)
 v - the +5 helmet of the Lair of Beasts (worn) {Rampage *Corrode +Inv Will++}
   (You acquired it on level 5 of the Dungeon)

   +Inv:      It lets you turn invisible.
   *Corrode:  It may corrode you when you take damage.
   Rampage:   It bestows one free step when moving towards enemies.
   Will:      It greatly increases your willpower.
 x - a +1 ring mail of fire resistance
 F - +0 acid dragon scales (worn)
Magical Staves
 q - a staff of earth
Jewellery
 w - an amulet of regeneration (around neck)
Wands
 g - a wand of iceblast (22)
 y - a wand of charming (14)
Scrolls
 e - a scroll of fog
 i - 2 scrolls of teleportation
 A - a scroll of identify
 E - a scroll of brand weapon {unknown}
Potions
 c - a potion of might
 d - 4 potions of heal wounds
 j - 4 potions of curing
 k - a potion of flight {unknown}
 l - 2 potions of attraction
 m - a potion of brilliance {unknown}
 n - a potion of berserk rage {unknown}
 r - 7 potions of haste
 s - 2 potions of lignification {unknown}
 t - a potion of mutation {unknown}
 u - 2 potions of magic
 z - a potion of ambrosia {unknown}
 B - a potion of invisibility {unknown}
 D - a potion of cancellation {unknown}


   Skills:
 + Level 1.8 Fighting
 * Level 3.6 Short Blades
 + Level 4.2 Dodging
 - Level 3.0 Stealth
 - Level 7.3 Spellcasting
 + Level 7.4 Summonings
 + Level 13.0 Necromancy


You had 8 spell levels left.
You knew the following spells:

 Your Spells              Type           Power      Damage    Failure   Level
a - Necrotize             Necr           100%       1d9       1%          1
b - Vampiric Draining     Necr           58%        2d10      1%          3
c - Animate Dead          Necr           58%        N/A       1%          4
d - Haunt                 Necr/Summ      25%        N/A       91%         7

Your spell library contained the following spells:

 Spells                   Type           Power      Damage    Failure   Level
 Sublimation of Blood     Necr           58%        N/A       1%          2
 Dispel Undead            Necr           58%        3d21      1%          4
 Agony                    Necr           58%        N/A       2%          5
 Anguish                  Hex/Necr       17%        N/A       11%         4
 Death Channel            Necr           29%        N/A       12%         6
 Corpse Rot               Necr/Pois/Air  25%        N/A       26%         4
 Animate Armour           Summ/Erth      46%        N/A       34%         4
 Gell's Gravitas          Tloc           7%         N/A       43%         3
 Lesser Beckoning         Tloc           7%         N/A       43%         3
 Stone Arrow              Conj/Erth      14%        3d7       43%         3
 Teleport Other           Tloc           7%         N/A       43%         3
 Petrify                  Tmut/Erth      7%         N/A       85%         4
 Simulacrum               Ice/Necr       17%        N/A       86%         6
 Irradiate                Conj/Tmut      3%         3d14      99%         5
 Infestation              Necr           29%        N/A       99%         8
 Dispersal                Tloc           3%         N/A       100%        6
 Lehudib's Crystal Spear  Conj/Erth      3%         10d3      100%        8


Dungeon Overview and Level Annotations

Branches:
Dungeon (9/15)             Temple (1/1) D:4             Orc (0/2) D:9
   Lair: D:8-11

Altars:
Ashenzari
Cheibriados
Dithmenos
Elyvilon
Fedhas
Gozag
Hepliaklqana
Kikubaaqudgha
Makhleb
Nemelex Xobeh
Okawaru
Qazlal
Ru
Sif Muna
Trog
Uskayaw
Vehumet
Wu Jian
Xom
Yredelemnul
Zin

Shops:
D:8 (


Innate Abilities, Weirdness & Mutations

Your natural rate of healing is accelerated.
You have razor-sharp teeth.
You have supernaturally acute eyesight. (SInv)
You are afflicted with vampirism and can become a bat while bloodless.


Message History

Aim: a kobold demonologist, wielding a +0 dagger and wearing a +0 robe (moderately wounded)
The mass of ice explodes!
The iceblast engulfs the sixfirhy!
The sixfirhy is heavily wounded.
The iceblast engulfs the kobold demonologist!
The kobold demonologist is heavily wounded.
The iceblast engulfs the quasit.
The quasit partially resists.
The quasit is heavily wounded.
You hear an angry hiss.
You hear a shout!
You hear a howl!
You hear a shout!
The kobold demonologist casts a spell.
Unknown command.
Unknown command.
Unknown command.
Unknown command.
Aiming: Iceblast
Press: ? - help, Shift-Dir - straight line, f/p - kobold demonologist
Aim: a kobold demonologist, wielding a +0 dagger and wearing a +0 robe (heavily wounded)
The mass of ice explodes!
The iceblast engulfs the sixfirhy!
The sixfirhy is severely wounded.
The iceblast engulfs the kobold demonologist!
The kobold demonologist is almost dead.
The iceblast engulfs the quasit!
The quasit partially resists.
The quasit is almost dead.
The sixfirhy hits you.
* * * LOW HITPOINT WARNING * * *
The sixfirhy shocks you!
* * * LOW HITPOINT WARNING * * *
The sixfirhy closely misses you. The sixfirhy barely misses you. x2
Unknown command.
Okay, then.
Okay, then.
As you read the scroll of teleportation, it crumbles to dust.
You feel strangely unstable. The sixfirhy hits you.
* * * LOW HITPOINT WARNING * * *
The sixfirhy shocks you!
* * * LOW HITPOINT WARNING * * *
The sixfirhy hits you.
* * * LOW HITPOINT WARNING * * *
The sixfirhy shocks you!
You die...
Kikubaaqudgha rasps: "You have failed me!
Welcome... death!"

.
#..##..#.#.#......
#..#.....#.#..#.##
##.#.#.##))#.##.##
#..####.....######
#..#.....8.....# #
#.##...........###
#..........)......
#...8....>....8..#
#@#..............#
#3##...........#.#
#5##.....8.....#.#
#K4####.....#### #
#... ###.... #....
#.... ##.... ....#
....#


You could see an orange demon (summoned), a kobold demonologist, a sixfirhy
(summoned) and a quasit (summoned).

Vanquished Creatures
  A two-headed ogre (D:8)
  A deep elf pyromancer (D:8)
  2 trolls (D:8)
  A wraith (D:7)
  A wyvern (D:9)
  6 yaks
  A steam dragon (D:4)
  An acid dragon (D:9)
  Edmund (D:6)
  A water moccasin (D:5)
  6 orc warriors
  3 black bears
  3 ice beasts
  3 ogres
  A gnoll sergeant (D:9)
  A bullfrog (D:7)
  2 necrophages
  2 scorpions (D:5)
  8 killer bees
  4 howler monkeys
  A vampire bat (D:4)
  2 jellies
  A gnoll shaman (D:5)
  2 hounds
  6 orc priests
  3 iguanas
  6 orc wizards
  6 gnolls
  10 adders
  3 shadow imps (D:6)
  A white imp (D:5)
  3 ufetubi (D:5)
  2 worms
  3 dart slugs
  3 fire bats (D:4)
  38 orcs
  2 spectral bats (D:4)
  3 bat skeletons (D:4)
  A bat zombie (D:4)
  7 endoplasms
  3 giant cockroaches
  11 goblins
  5 hobgoblins
  5 quokkas
  11 ball pythons
  9 bats
  A bat simulacrum (D:4)
  6 frilled lizards
  3 kobolds
  10 rats
216 creatures vanquished.

Vanquished Creatures (collateral kills)
  A water moccasin (D:7)
  An ice beast (D:7)
  2 centaurs (D:8)
  A bullfrog (D:7)
  3 jellies
  A hound (D:7)
  2 orc wizards
  A gnoll (D:6)
  A dart slug (D:1)
  11 orcs
  2 bats (D:4)
  A hobgoblin (D:4)
  A rat (D:1)
28 creatures vanquished.

Vanquished Creatures (others)
  A spriggan (shapeshifter) (D:8)
  A bullfrog (D:8)
  A troll zombie (D:8)
  3 killer bee zombies (D:8)
  A worm zombie (D:8)
  A goblin (D:8)
  3 gnoll zombies (D:9)
  A goblin zombie (D:8)
  8 orc zombies
  4 plants (D:9)
24 creatures vanquished.

Grand Total: 268 creatures vanquished

Notes
Turn   | Place    | Note
-------+----------+-------------------------------------------
     0 | D:1      | lunkers the Vampire Necromancer began the quest for the
                  | Orb.
     0 | D:1      | Reached XP level 1. HP: 13/13 MP: 3/3
   473 | D:1      | Reached XP level 2. HP: 17/17 MP: 3/5
   796 | D:1      | Reached skill level 5 in Necromancy
   929 | D:1      | Gained mutation: You are afflicted with vampirism and can
                  | become a bat while bloodless. [Vampire growth]
   929 | D:1      | Reached XP level 3. HP: 20/21 MP: 2/6
  2187 | D:3      | Reached XP level 4. HP: 27/27 MP: 5/8
  2363 | D:3      | Learned a level 3 spell: Vampiric Draining
  2431 | D:3      | Reached skill level 6 in Necromancy
  2572 | D:3      | Reached XP level 5. HP: 24/35 MP: 1/9
  3006 | D:3      | Found a sacrificial altar of Ru.
  3081 | D:4      | Found a staircase to the Ecumenical Temple.
  3107 | Temple   | Entered the Ecumenical Temple
  3545 | Temple   | Became a worshipper of Kikubaaqudgha
  3652 | D:4      | Reached skill level 7 in Necromancy
  3656 | D:4      | Reached XP level 6. HP: 22/41 MP: 2/11
  3833 | D:4      | Noticed a steam dragon
  3849 | D:4      | Killed a steam dragon
  4178 | D:4      | Reached * piety under Kikubaaqudgha
  4178 | D:4      | Received a gift from Kikubaaqudgha
  4202 | D:4      | Reached skill level 8 in Necromancy
  4204 | D:4      | Reached XP level 7. HP: 46/46 MP: 5/13
  4719 | D:5      | Entered Level 5 of the Dungeon
  4879 | D:5      | Reached ** piety under Kikubaaqudgha
  4887 | D:5      | Reached skill level 9 in Necromancy
  5092 | D:5      | Reached skill level 5 in Spellcasting
  5212 | D:5      | Reached XP level 8. HP: 36/52 MP: 8/15
  5458 | D:5      | Learned a level 4 spell: Animate Dead
  5822 | D:5      | Reached skill level 10 in Necromancy
  5906 | D:5      | Identified 3 scrolls of acquirement
  5906 | D:5      | Acquired an amulet of regeneration
  5913 | D:5      | Acquired a book of Death
  5915 | D:5      | Acquired the +5 helmet of the Lair of Beasts {Rampage
                  | *Corrode +Inv Will++}
  5930 | D:5      | Learned a level 7 spell: Haunt
  5956 | D:6      | Noticed Edmund
  5965 | D:6      | Killed Edmund
  5966 | D:6      | Reached skill level 1 in Summonings
  6587 | D:6      | Reached XP level 9. HP: 52/54 MP: 18/18
  6672 | D:6      | Reached skill level 11 in Necromancy
  7357 | D:7      | Reached *** piety under Kikubaaqudgha
  7357 | D:7      | Received a gift from Kikubaaqudgha
  7866 | D:7      | Reached skill level 5 in Summonings
  8086 | D:8      | Reached skill level 12 in Necromancy
  8401 | D:8      | Noticed a troll
  8411 | D:8      | Killed a troll
  8412 | D:8      | Reached XP level 10. HP: 44/63 MP: 7/20
  8489 | D:8      | Noticed a two-headed ogre
  8500 | D:8      | Killed a two-headed ogre
  9107 | D:8      | Found Ebbow's Weapon Shop.
  9193 | D:9      | Reached **** piety under Kikubaaqudgha
  9223 | D:9      | Reached skill level 1 in Short Blades
  9368 | D:8      | Reached skill level 1 in Fighting
  9744 | D:9      | Reached skill level 13 in Necromancy
  9775 | D:9      | Found a staircase to the Orcish Mines.
  9873 | D:9      | Noticed a sixfirhy
  9877 | D:9      | Noticed an orange demon
  9878 | D:9      | Slain by a sixfirhy

Illustrated notes

Levels and vault maps discovered:
D:1:      psy_arrival_heroes, layout_basic, minmay_pentomino_s4
D:2:      layout_basic
D:3:      layout_loops_ring, marbit_many_paths, minmay_snake_closets
D:4:      layout_basic, minmay_temple_entry_wispy,
          nicolae_ossuary_entry_monument, goddamned_bats
D:5:      layout_loops_ring, minmay_between
D:6:      layout_gridville, uniq_edmund
D:7:      layout_cave_pools
D:8:      layout_cave_pods, serial_shops, kennysheep_little_box,
          minmay_manual_monolith
D:9:      nzn_winding_woodlands_large [nzn_winding_woodlands_5x5_closed_star,
          nzn_winding_woodlands_5x15_sawtooth, nzn_winding_woodlands_hourglass,
          nzn_winding_woodlands_center_triple_pond,
          nzn_winding_woodlands_15x15_eel_pit,
          nzn_winding_woodlands_center_diamonds,
          nzn_winding_woodlands_5x5_default, nzn_winding_woodlands_5x15_jagged,
          nzn_winding_woodlands_5x5_default], layout_basic, lair_entry_dummy,
          david_orc_2
Temple:   mainiacjoe_temple_big_plus

Skill      XL: |  1  2  3  4  5  6  7  8  9 10 |
---------------+-------------------------------+-----
Necromancy     | 5 6 7 8 9 10 12 13 | 13.0
Spellcasting   | 3 4 5 6 7 |  7.3
Summonings     | 3 6 7 |  7.4
Short Blades   | 3 |  3.6
Dodging        | 4 |  4.2
Fighting       | 1 |  1.8
Stealth        | |  3.0

Action                   |  1- 3 |  4- 6 |  7- 9 | 10-12 || total
-------------------------+-------+-------+-------+-------++-------
Melee: Unarmed           |     9 |       |       |       ||     9
       Bite              |     5 |     3 |    34 |    19 ||    61
       Whip              |    22 |    10 |       |       ||    32
       Dagger            |       |    13 |   321 |    93 ||   427
       Punch             |       |       |     8 |       ||     8
 Cast: Necrotize         |    66 |    75 |   107 |    20 ||   268
       Vampiric Draining |       |     5 |    43 |    29 ||    77
       Animate Dead      |       |       |     5 |     2 ||     7
Invok: Unearth Wretches  |       |       |     1 |       ||     1
 Abil: Exsanguinate      |     1 |       |       |       ||     1
       Revivify          |     1 |       |       |       ||     1
Evoke: Wand              |       |       |     2 |     2 ||     4
  Use: Scroll            |       |     5 |    11 |     2 ||    18
       Potion            |       |       |     2 |       ||     2
 Stab: Distracted        |     1 |     1 |     3 |     1 ||     6
       Paralysed         |       |       |     2 |       ||     2
Armor: Robe              |    11 |    19 |   170 |       ||   200
       Ring mail         |       |       |    85 |    54 ||   139
       Acid dragon scale |       |       |       |     7 ||     7
Dodge: Dodged            |    20 |    35 |   367 |    62 ||   484

Table legend: (Time is in decaauts)
 A = Elapsed time spent in this place.
 B = Non-inter-level travel time spent in this place.
 C = Inter-level travel time spent in this place.
 D = Time resting spent in this place.
 E = Time spent auto-exploring this place.
 F = Levels seen in this place.
 G = Mean time per level.
                   A        B        C        D        E       F      G
               +--------+--------+--------+--------+--------+-----+--------+
         Total |   9874 |   9487 |    387 |    368 |   7342 |  10 |  987.4 |
       Dungeon |   9413 |   9062 |    351 |    368 |   6924 |   9 | 1045.9 |
        Temple |    460 |    424 |     36 |      0 |    418 |   1 |  460.0 |
               +--------+--------+--------+--------+--------+-----+--------+

Top non-repeatable levels by time:
     D:8: 1643 daAuts
     D:6: 1247 daAuts
     D:5: 1233 daAuts
     D:4: 1188 daAuts
     D:3: 1185 daAuts
     D:1: 1059 daAuts
     D:2: 826 daAuts
     D:7: 686 daAuts
  Temple: 460 daAuts
     D:9: 342 daAuts
